 Dungeon Crawl Stone Soup version 0.29.1-4-g47bece8355 (webtiles) character file.

Game seed: 15215367521150105320

1133 javelincjr the Sneak (level 8, -14/37 HPs)
             Began as a Spriggan Conjurer on Dec 7, 2022.
             Killed by an exploding adder (35 damage)
             ... ignited by their inner flame
             ... on level 6 of the Dungeon.
             The game lasted 00:44:33 (6903 turns).

javelincjr the Sneak (Spriggan Conjurer)            Turns: 6903, Time: 00:44:36

Health: -14/37     AC:  2    Str:  3    XL:     8   Next: 14%
Magic:  17/17      EV: 18    Int: 22    God:
Gold:   143        SH:  0    Dex: 13    Spells: 10/18 levels left

rFire   . . .      SeeInvis +   b - +6 rapier (vamp)
rCold   . . .      Faith    .   (no shield)
rNeg    . . .      Spirit   .   a - +0 robe
rPois   +          Reflect  .   (helmet restricted)
rElec   .          Harm     .   (no cloak)
rCorr   .          Rampage  .   (gloves unavailable)
Will    +....                   (boots unavailable)
Stlth   +++.......              (no amulet)
HPRegen 0.12/turn               i - ring of poison resistance
MPRegen 0.15/turn               (no ring)

@: mighty, very quick
A: very small, no large weapons, unfitting armour, see invisible, speed 3
a: no special abilities


You were on level 6 of the Dungeon.
You visited 1 branch of the dungeon, and saw 7 of its levels.

You collected 225 gold pieces.
You spent 82 gold pieces at shops.

Inventory:

Hand Weapons
 b - a +6 vampiric rapier (weapon)
 k - a +0 short sword
 y - a +2 dagger of electrocution
 C - a +0 short sword of holy wrath
Missiles
 q - 5 stones (quivered)
 u - 12 poisoned darts
 z - a throwing net
Armour
 a - a +0 robe (worn)
Magical Staves
 x - a staff of air
Jewellery
 i - a ring of poison resistance (left hand)
 B - a ring of fire
Scrolls
 c - a scroll of vulnerability
 f - a scroll of enchant armour
 h - a scroll of brand weapon
 l - 5 scrolls of teleportation
 o - a scroll of immolation
 t - 2 scrolls of fog {unknown}
 v - a scroll of noise {unknown}
 A - a scroll of amnesia {unknown}
Potions
 d - a potion of resistance
 e - 2 potions of heal wounds
 j - a potion of ambrosia
 m - a potion of cancellation
 p - 3 potions of curing
 w - a potion of mutation {unknown}
 D - a potion of haste {unknown}
 E - 2 potions of degeneration {unknown}


   Skills:
 + Level 1.1 Fighting
 - Level 1.1(1.8) Short Blades
 * Level 1.5(1.6) Long Blades
 - Level 0.9 Throwing
 + Level 4.0 Dodging
 - Level 6.3 Stealth
 + Level 5.7 Spellcasting
 + Level 4.9 Conjurations
 * Level 1.6 Fire Magic
 * Level 1.8 Air Magic
 * Level 2.0 Poison Magic


You had 10 spell levels left.
You knew the following spells:

 Your Spells              Type           Power      Damage    Failure   Level
a - Magic Dart            Conj           100%       1d8       1%          1
b - Searing Ray           Conj           56%        2d6       1%          2
c - Conjure Flame         Conj/Fire      20%        6-21      8%          3
d - Poisonous Vapours     Pois/Air       28%        N/A       6%          2

Your spell library contained the following spells:

 Spells                   Type           Power      Damage    Failure   Level
 Sting                    Tmut/Pois      40%        1d5       6%          1
 Mephitic Cloud           Conj/Pois/Air  19%        N/A       9%          3
 Necrotise                Necr           24%        1d5       10%         1
 Dazzling Flash           Conj/Hex       34%        N/A       11%         3
 Stone Arrow              Conj/Erth      34%        3d9       11%         3
 Blink                    Tloc           12%        N/A       14%         2
 Ignite Poison            Fire/Tmut/Pois 11%        N/A       17%         3
 Spider Form              Tmut/Pois      10%        N/A       19%         3
 Sticky Flame             Conj/Fire      20%        2d4       24%         4
 Gell's Gravitas          Tloc           6%         N/A       28%         3
 Lesser Beckoning         Tloc           6%         N/A       28%         3
 Teleport Other           Tloc           6%         N/A       28%         3
 Vampiric Draining        Necr           6%         2d6       28%         3
 Fulminant Prism          Conj/Hex       8%         3d7       34%         4
 Iskenderun's Mystic Bla  Conj/Tloc      17%        2d5       34%         4
 Olgreb's Toxic Radiance  Pois           15%        N/A       36%         4
 Corpse Rot               Necr/Pois/Air  12%        N/A       50%         4
 Animate Armour           Summ/Erth      12%        N/A       67%         4
 Alistair's Intoxication  Tmut/Pois      6%         N/A       86%         5
 Agony                    Necr           6%         N/A       95%         5
 Manifold Assault         Tloc           6%         N/A       95%         5
 Lehudib's Crystal Spear  Conj/Erth      8%         10d4      100%        8


Dungeon Overview and Level Annotations

Branches:
Dungeon (7/15)
 Temple: D:4-7

Altars:
Gozag
Kikubaaqudgha

Shops:
D:2 ?   D:3 *   D:4 =(([=


Innate Abilities, Weirdness & Mutations

You are very small and have problems with some larger weapons.
You are too small for most types of armour.
You have supernaturally acute eyesight. (SInv)
You cover ground extremely quickly. (Speed+++)


Message History

Things that are here:
a +0 leather armour; a +0 dagger
As you read the scroll labelled FEITYLL CEYF, it crumbles to dust.
It is a scroll of identify.
d - a potion of resistance
As you read the scroll of identify, it crumbles to dust.
j - a potion of ambrosia
As you read the scroll of identify, it crumbles to dust.
m - a potion of cancellation
As you read the scroll of identify, it crumbles to dust.
p - 3 potions of curing
As you read the scroll labelled XEDWAR ZUARGHYN, it crumbles to dust.
It is a scroll of brand weapon.
Your +6 rapier of venom thirsts for the lives of mortals!
b - a +6 vampiric rapier (weapon)
It was a potion of might.
You feel very mighty all of a sudden.
As you read the scroll labelled XAAJOZ TOLUCW, it crumbles to dust.
You feel strangely unstable.
It was a scroll of teleportation.
Okay, then.
Your surroundings suddenly seem different.
As you read the scroll labelled JUSKOS WAAXE, it crumbles to dust.
Wisps of shadow whirl around you...
It was a scroll of summoning.
As you read the scroll labelled LINAXT HULIRR, it crumbles to dust.
The creatures around you are filled with an inner flame!
It was a scroll of immolation.
As you read the scroll labelled PYLUAJ ZYORYMY, it crumbles to dust.
Your body is wracked with pain!
Your bullfrog convulses!
Flame seeps out of your bullfrog.
Your adder convulses!
Flame seeps out of your adder.
It was a scroll of torment.
Your bullfrog is engulfed in blazing flames.
Flame seeps out of your bullfrog.
Your adder is engulfed in blazing flames.
Your adder's corpse dissolves into shadows!
Your adder explodes!
The fiery explosion engulfs you!!
Ouch! That really hurt!
You die...

#####..........>..÷<.
#.........#.....).#..#
#................##...
#..#####..............
#..#???#..............
##..#$$)#......<.......
#...#(?(#..............
##...#####........#####.
###.....F@§.........# ##.
#......[.n○§........# #..
#.#......§§§........# ##.#
#...##....#........# #...
#..................###.##
##..##.............##..#
#.................##.## #.
###...............#...#
##...#.......#........#.#.##


You could see a friendly necrophage (summoned, inner flame) and a friendly
bullfrog (summoned, inner flame).

Vanquished Creatures
  Eustachio (D:4)
  Duvessa (D:5)
  A black bear (D:6)
  2 necrophages
  A scorpion (D:5)
  Dowan (D:5)
  A howler monkey (D:5)
  3 hounds
  2 orc priests (D:3)
  2 iguanas (D:5)
  2 jellies (D:5)
  Jessica (D:2)
  Robin (D:2)
  6 adders
  6 gnolls
  An ufetubus (D:5)
  5 worms
  2 dart slugs
  6 orcs
  8 bats
  3 endoplasms (D:2)
  3 giant cockroaches
  10 goblins
  6 hobgoblins
  2 jackals (D:4)
  3 quokkas
  2 training dummies (D:5)
  7 ball pythons
  8 frilled lizards
  5 kobolds
  2 rats
104 creatures vanquished.

Vanquished Creatures (others)
  6 plants (D:5)
6 creatures vanquished.

Grand Total: 110 creatures vanquished

Notes
Turn   | Place    | Note
-------+----------+-------------------------------------------
     0 | D:1      | javelincjr the Spriggan Conjurer began the quest for the
                  | Orb.
     0 | D:1      | Reached XP level 1. HP: 9/9 MP: 5/5
   291 | D:1      | Reached XP level 2. HP: 13/13 MP: 0/6
   479 | D:1      | Found a faded altar of an unknown god.
  1326 | D:2      | Reached XP level 3. HP: 12/16 MP: 0/8
  1517 | D:2      | Noticed Robin
  1563 | D:2      | Learned a level 2 spell: Searing Ray
  1606 | D:2      | Killed Robin
  1607 | D:2      | Reached XP level 4. HP: 15/21 MP: 2/9
  2241 | D:2      | Noticed Jessica
  2253 | D:2      | Killed Jessica
  2254 | D:2      | Reached XP level 5. HP: 24/24 MP: 7/11
  2344 | D:2      | Found Uvephuull's Magic Scroll Boutique.
  2936 | D:4      | Found Relir's Antique Weapon Emporium.
  2983 | D:4      | Learned a level 3 spell: Conjure Flame
  3000 | D:4      | Found Hesy's Weapon Shoppe.
  3068 | D:4      | Reached skill level 4 in Stealth
  3165 | D:4      | Found Jebaf's Antique Armour Shop.
  3234 | D:4      | Found Faafaw's Jewellery Shop.
  3242 | D:4      | Identified the +8 plate armour of Hetibb {rF+ rN++ Dex+5}
  3246 | D:4      | Identified a scroll of acquirement
  3246 | D:4      | Acquired the Lessons on Venom
  3251 | D:4      | Learned a level 2 spell: Poisonous Vapours
  3261 | D:4      | Found an ancient bone altar of Kikubaaqudgha.
  3273 | D:5      | Entered Level 5 of the Dungeon
  3290 | D:4      | Noticed Eustachio
  3329 | D:4      | Killed Eustachio
  3330 | D:4      | Reached skill level 1 in Short Blades
  3330 | D:4      | Reached XP level 6. HP: 26/29 MP: 0/14
  3558 | D:4      | Found an opulent altar of Gozag.
  3695 | D:3      | Found Qytar's General Store.
  3705 | D:3      | Reached skill level 5 in Stealth
  3706 | D:3      | Reached skill level 5 in Spellcasting
  3872 | D:3      | Bought a scroll of enchant armour for 82 gold pieces
  4696 | D:4      | Found Gemof's Jewellery Shoppe.
  5021 | D:5      | Reached XP level 7. HP: 25/32 MP: 4/15
  5248 | D:5      | Noticed Duvessa
  5264 | D:6      | Reached skill level 1 in Poison Magic
  5283 | D:5      | Noticed Dowan
  5617 | D:5      | Killed Duvessa
  5618 | D:5      | Reached skill level 6 in Stealth
  5618 | D:5      | Reached skill level 1 in Air Magic
  5624 | D:5      | Killed Dowan
  5625 | D:5      | Reached skill level 1 in Fire Magic
  5826 | D:5      | Reached skill level 1 in Long Blades
  6183 | D:5      | Reached skill level 1 in Fighting
  6521 | D:5      | Reached XP level 8. HP: 28/37 MP: 13/17
  6903 | D:6      | Killed by an exploding adder... ignited by their inner
                  | flame

Illustrated notes

Levels and vault maps discovered:
D:1:      lemuel_arrival_lava_pool, layout_basic,
          hellmonk_ecumenical_altar_run_dry
D:2:      layout_loops_corners, serial_shops,
          nicolae_shop_temple_entry_statues_fountains, uniq_robin, uniq_jessica
D:3:      layout_basic, serial_shops, nicolae_shop_advertising_works
          [nicolae_subvault_shop_adworks], grunt_ministairs_3,
          minmay_misc_feat_columns
D:4:      layout_basic, nicolae_kikubaaqudgha_miasma_corner,
          mainiacjoe_overflow_brackets, serial_shops, nicolae_shop_behind_doors,
          nicolae_shop_trees, nicolae_shop_waterfront,
          nicolae_shop_bloodbath_and_beyond, shop, eino_curves_04,
          uniq_eustachio
D:5:      dreamdust_elfheim, layout_basic, eino_small_chamber_without_monster,
          minmay_lizard_king, uniq_duvessa
D:6:      layout_cave_pools, nicolae_benzene_ring, due_unseen_surprise
D:7:      layout_cave_pools, kennysheep_little_box,
          mainiacjoe_overflow_surrounded_room, minmay_temple_entry_overgrown,
          kennysheep_crisscross, minmay_misc_feat_rugged

Skill      XL: |  1  2  3  4  5  6  7  8 |
---------------+-------------------------+-----
Conjurations   | 3 4 |  4.9
Spellcasting   | 3 4 5 |  5.7
Dodging        | 3 4 |  4.0
Stealth        | 4 5 6 |  6.3
Short Blades   | 1 |  1.1
Poison Magic   | 1 2 |  2.0
Air Magic      | 1 |  1.8
Fire Magic     | 1 |  1.6
Long Blades    | 1 |  1.5
Fighting       | 1 |  1.1
Throwing       | |  0.9

Action                   |  1- 3 |  4- 6 |  7- 9 || total
-------------------------+-------+-------+-------++-------
Melee: Unarmed           |     1 |       |       ||     1
       Short sword       |    16 |    12 |    15 ||    43
       Dagger            |       |     6 |       ||     6
       Punch             |       |     2 |     1 ||     3
       Rapier            |       |    32 |    23 ||    55
Throw: Stone             |     3 |     3 |     4 ||    10
 Cast: Magic Dart        |    65 |    22 |    29 ||   116
       Searing Ray       |     1 |    20 |    14 ||    35
       Conjure Flame     |       |     2 |       ||     2
  Use: Scroll            |       |     3 |     9 ||    12
       Potion            |       |     1 |     1 ||     2
 Stab: Sleeping          |     1 |    10 |       ||    11
Armor: Robe              |     4 |     4 |     2 ||    10
Dodge: Dodged            |    27 |    36 |    29 ||    92
